 Dungeon Crawl Stone Soup version 0.27.1-34-g3ba077fa99 (webtiles) character file.

Game seed: 7435162230080022469

70 Descartes the Grasshopper (level 4, 0/33 HPs)
             Began as a Formicid Warper on Jan 16, 2022.
             Slain by Purgy (2 damage)
             ... in a sewer.
             The game lasted 00:03:44 (2230 turns).

Descartes the Grasshopper (Formicid Warper)         Turns: 2230, Time: 00:03:44

Health: 0/33       AC:  9    Str: 16    XL:     4   Next: 45%
Magic:  7/7        EV:  4    Int: 13    God:
Gold:   71         SH:  9    Dex: 10    Spells: 7/7 levels left

rFire    . . .     SeeInvis +   a - +0 mace
rCold    . . .     Faith    .   d - +2 kite shield
rNeg     . . .     Spirit   .   j - +0 chain mail
rPois    .         Reflect  .   (helmet unavailable)
rElec    .         Harm     .   (no cloak)
rCorr    .         Rampage  .   (no gloves)
Will     .....                  (no boots)
Stlth    ..........             (no amulet)
HPRegen  0.11/turn              (no ring)
MPRegen  0.10/turn              (no ring)

@: no status effects
A: permanent stasis, dig shafts and tunnels, antennae 3, four strong arms
a: Dig


You were in a sewer.
You visited 1 branch of the dungeon, and saw 3 of its levels.
You also visited: Sewer.

You collected 71 gold pieces.

Inventory:

Hand Weapons
 a - a +0 mace (weapon)
Missiles
 c - 5 boomerangs of dispersal (quivered)
 h - 96 stones
Armour
 d - a +2 kite shield (worn)
 j - a +0 chain mail (worn)
Scrolls
 e - 4 scrolls of fog {unknown}
 f - a scroll of teleportation {unknown}
 g - a scroll of immolation {unknown}
 i - a scroll of identify {unknown}
 m - a scroll of noise {unknown}
Potions
 b - a potion of curing {unknown}
 k - a potion of might {unknown}
 l - a potion of resistance {unknown}
 n - a potion of cancellation {unknown}
 o - a potion of haste {unknown}


   Skills:
 - Level 2.1 Fighting
 - Level 2.0 Maces & Flails
 - Level 1.0 Throwing
 + Level 2.9 Armour
 - Level 1.7 Dodging
 + Level 1.0 Shields
 - Level 2.1 Spellcasting
 + Level 3.6 Translocations


You had 7 spell levels left.
You didn't know any spells.
Your spell library contained the following spells:

 Spells                   Type           Power      Damage    Failure   Level
 Gell's Gravitas          Tloc           5%         N/A       100%        3
 Lesser Beckoning         Tloc           5%         N/A       100%        3
 Teleport Other           Tloc           10%        N/A       100%        3
 Manifold Assault         Tloc           10%        N/A       100%        5
 Blink                    Tloc           Unusable   N/A       N/A         2

Dungeon Overview and Level Annotations

Branches:
Dungeon (3/15)              Sewer (1/1)

Altars:

Annotations:
Sewer Purgy


Innate Abilities, Weirdness & Mutations

You cannot be hasted, slowed, berserked, paralysed or teleported.
You can dig through walls and to a lower floor.
You have a pair of large antennae on your head. (SInv)
Your four strong arms can wield two-handed weapons with a shield.


Message History

You hit Purgy.
Purgy is severely wounded.
You block Purgy's attack. Purgy claws you but does no damage. x2
You hit Purgy but do no damage.
Purgy is severely wounded.
You block Purgy's attack. x2; Purgy claws you.
You block Purgy's attack. Purgy barely misses you. Purgy completely misses you.
You barely miss Purgy.
Purgy is severely wounded.
Purgy bites you. Purgy closely misses you. Purgy claws you.
You block Purgy's attack. Purgy claws you but does no damage.
You block Purgy's attack.
Your shield prevents you from hitting Purgy.
Purgy is severely wounded.
Purgy bites you but does no damage. Purgy claws you but does no damage.
Purgy claws you.
* * * LOW HITPOINT WARNING * * *
You completely miss Purgy.
Purgy is severely wounded.
Purgy looks around nervously.
You block Purgy's attack. Purgy claws you but does no damage. x2
Purgy bites you but does no damage. Purgy claws you.
* * * LOW HITPOINT WARNING * * *
Purgy claws you.
* * * LOW HITPOINT WARNING * * *
Your chain mail prevents you from hitting Purgy.
Purgy is heavily wounded.
Purgy bites you but does no damage. You block Purgy's attack.
Purgy claws you but does no damage.
You closely miss Purgy.
Purgy is heavily wounded.
Purgy barely misses you. x2; Purgy claws you but does no damage.
Purgy bites you but does no damage. Purgy claws you but does no damage.
Purgy claws you.
* * * LOW HITPOINT WARNING * * *
You barely miss Purgy.
Purgy is heavily wounded.
You block Purgy's attack. Purgy claws you but does no damage.
You block Purgy's attack. Purgy bites you.
You die...

≈≈≈≈≈####.## #†#
#.###.≈≈≈≈≈≈≈≈ ≈≈≈≈≈.#
##.## #.# #†#
##≈≈≈≈≈≈≈≈ ≈≈≈≈≈≈#
##.########.# #≈≈≈≈≈≈≈≈
≈≈≈≈≈≈##
##.##...#######≈≈≈≈≈≈≈≈
≈≈≈≈≈≈.##
##.#.∩.≈≈.≈..≈≈≈≈≈≈≈≈≈
≈≈≈≈≈≈≈∩#
###.).#######≈≈≈≈≈≈≈≈
≈≈≈≈≈≈≈∩# #####
#.≈≈≈≈≈≈≈ ≈≈≈≈≈≈≈##
###########≈≈≈≈≈≈≈
≈≈≈≈≈≈##
#@T.†.......≈≈≈≈≈≈
≈≈≈≈≈≈≈
##########.≈≈≈≈≈≈≈
≈≈≈≈≈≈≈ #≈≈≈≈≈≈≈≈≈
≈≈≈≈≈≈ #≈≈≈≈≈≈≈≈≈ ≈≈≈≈≈
#.≈≈≈≈≈≈≈≈≈≈≈≈
#.≈≈≈≈≈≈≈≈≈≈≈≈
..T≈≈≈≈≈≈≈≈≈≈≈≈≈
≈≈≈≈≈≈≈≈≈≈≈≈≈≈≈≈
≈≈≈≈≈≈≈≈≈≈≈≈≈###


You could see Purgy.

Vanquished Creatures
  3 adders
  A dart slug (D:1)
  6 ball pythons
  4 endoplasms
  4 giant cockroaches
  A goblin (D:2)
  3 hobgoblins
  3 jackals (D:1)
  4 kobolds
  A quokka (D:2)
  3 bats
  5 frilled lizards
  2 rats (D:1)
40 creatures vanquished.

Notes
Turn   | Place    | Note
-------+----------+-------------------------------------------
     0 | D:1      | Descartes the Formicid Warper began the quest for the Orb.
     0 | D:1      | Reached XP level 1. HP: 16/16 MP: 3/3
    59 | D:1      | Reached XP level 2. HP: 22/22 MP: 5/5
    61 | D:1      | Reached skill level 3 in Translocations
   498 | D:1      | Reached XP level 3. HP: 23/27 MP: 6/6
  1814 | D:2      | Reached XP level 4. HP: 33/33 MP: 7/7
  1977 | D:3      | Found a glowing drain.
  1981 | Sewer    | Entered a sewer
  2043 | Sewer    | Reached skill level 1 in Shields
  2188 | Sewer    | Noticed Purgy
  2230 | Sewer    | Slain by Purgy

Illustrated notes

Levels and vault maps discovered:
D:1:      mushboom_english_gardens, layout_basic, minmay_misc_feat_secret_circle
D:2:      layout_rooms, kennysheep_generic_room_16
D:3:      layout_loops_ring, portal_sewer_entry_e
Sewer:    sewer_co_purgy_island

Skill      XL: |  1  2  3  4 |
---------------+-------------+-----
Translocations | 3 |  3.6
Armour         | 2 |  2.9
Shields        | 1 |  1.0
Fighting       | |  2.1
Maces & Flails | |  2.0
Throwing       | |  1.0
Dodging        | |  1.7
Spellcasting   | |  2.1

Action                   |  1- 3 |  4- 6 || total
-------------------------+-------+-------++-------
Melee: Mace              |   125 |    56 ||   181
 Abil: Dig               |       |     5 ||     5
  Use: Potion            |     2 |     1 ||     3
       Scroll            |       |     1 ||     1
Armor: Leather armour    |    28 |       ||    28
       Chain mail        |    35 |    73 ||   108
Dodge: Dodged            |    76 |    24 ||   100
Block: Kite shield       |    32 |    49 ||    81
